 Dungeon Crawl Stone Soup version 0.28-a0-724-g66f9036eb4 (webtiles) character file.

Game seed: 17522073241258039775

5 meatgazer the Skirmisher (level 1, -12/18 HPs)
             Began as a Demonspawn Abyssal Knight on Oct 26, 2021.
             Was a Follower of Lugonu.
             Mangled by a hellwing (14 damage)
             ... on level 2 of the Abyss.
             The game lasted 00:00:41 (106 turns).

meatgazer the Skirmisher (Demonspawn Abyssal Knight) Turns: 106, Time: 00:00:42

Health: -12/18     AC:  3    Str: 13    XL:     1   Next: 66%
Magic:  2/2        EV: 11    Int: 11    God:    Lugonu [*.....]
Gold:   21         SH:  0    Dex: 13    Spells: 0/0 levels left

rFire   . . .      SeeInvis .   a - +1 spear
rCold   . . .      Faith    .   (no shield)
rNeg    . . .      Spirit   .   b - +0 leather armour
rPois   .          Reflect  .   (no helmet)
rElec   .          Harm     .   (no cloak)
rCorr   .          Rampage  .   (no gloves)
Will    .....                   (no boots)
Stlth   +.........              (no amulet)
HPRegen 0.06/turn               (no ring)
MPRegen 0.08/turn               (no ring)

@: attractive, hasted, very quick
A: no striking features
a: Renounce Religion, Depart the Abyss


You were on level 2 of the Abyss.
You worshipped Lugonu.
Lugonu was aware of your devotion.
You visited 0 branches of the dungeon, and saw 0 of its levels.
You visited the Abyss 1 time.

You collected 21 gold pieces.

Inventory:

Hand Weapons
 a - a +1 spear (weapon)
 d - a +1 spear of venom
Armour
 b - a +0 leather armour (worn)
 g - a +2 buckler
Potions
 e - a potion of curing {unknown}


   Skills:
 + Level 3.2 Fighting
 + Level 1.8 Polearms
 + Level 1.8 Armour
 + Level 0.8 Dodging
 + Level 2.5 Invocations


You couldn't memorise any spells.
You didn't know any spells.
Your spell library was empty.

Dungeon Overview and Level Annotations

Branches:
Dungeon (0/15)

Altars:


Message History

Found a ring mail.
A hellwing comes into view.
The hellwing gives a chilling moan.
You see here a +2 buckler.
g - a +2 buckler A quasit comes into view.
The quasit bites you. The quasit barely misses you.
The quasit claws you but does no damage.
It was a potion of attraction.
You feel attractive to monsters. The quasit closely misses you.
The quasit claws you. x2
The quasit barely misses you.
The quasit claws you but does no damage. x2
The hellwing is attracted toward you.
It was a potion of haste.
You feel yourself speed up. The quasit is attracted toward you.
The quasit is attracted toward you. The hellwing is attracted toward you.
The hellwing is attracted toward you. The hellwing is attracted toward you.
The hellwing is attracted toward you. The hellwing is attracted toward you.
An ufetubus comes into view.
The ufetubus is attracted toward you.
The ufetubus shouts!
You hit the ufetubus but do no damage. The hellwing closely misses you.
The hellwing hits you. The ufetubus barely misses you. The ufetubus hits you.
You hit the ufetubus.
The ufetubus is almost dead.
The ufetubus barely misses you. The ufetubus hits you.
You hit the ufetubus.
You kill the ufetubus!
The hellwing closely misses you. The hellwing hits you!
* * * LOW HITPOINT WARNING * * *
A small abomination comes into view.
The small abomination is attracted toward you.
You hit the small abomination but do no damage.
The hellwing hits you!
Ouch! That really hurt!
You die...

#... .# .
#.#...# ..
#....## .#
##..#.###..
#. #...###..
..
#..#..#.##
ยง#
...###.....#
.## ...#
.#.4.#...#
..## ..
###@x# #...#
#### #.. .
#.#.# .#..


You could see a hellwing and a small abomination.

Vanquished Creatures
  An ufetubus (Abyss:2)
1 creature vanquished.

Notes
Turn   | Place    | Note
-------+----------+-------------------------------------------
     0 | Abyss:1  | meatgazer the Demonspawn Abyssal Knight began the quest for
                  | the Orb.
     0 | Abyss:1  | Reached XP level 1. HP: 18/18 MP: 2/2
    57 | Abyss:2  | Noticed a death knight
    70 | Abyss:2  | Noticed a hellwing
    76 | Abyss:2  | Noticed a quasit
   105 | Abyss:2  | Noticed a small abomination
   106 | Abyss:2  | Mangled by a hellwing

Illustrated notes

Levels and vault maps discovered:
Abyss:2:  base:
Temple

Action                   || total
-------------------------++-------
Melee: Spear             ||     4
  Use: Potion            ||     2
Armor: Leather armour    ||     3
Dodge: Dodged            ||     7

Table legend: (Time is in decaauts)
 A = Elapsed time spent in this place.
 B = Non-inter-level travel time spent in this place.
 C = Inter-level travel time spent in this place.
 D = Time resting spent in this place.
 E = Time spent auto-exploring this place.
 F = Levels seen in this place.
 G = Mean time per level.
                   A        B        C        D        E       F      G
               +--------+--------+--------+--------+--------+-----+--------+
         Total |     98 |     98 |      0 |      0 |     30 |   2 |   49.0 |
         Abyss |     98 |     98 |      0 |      0 |     30 |   2 |   49.0 |
               +--------+--------+--------+--------+--------+-----+--------+

Top non-repeatable levels by time:
 Abyss:2: 74 daAuts
 Abyss:1: 24 daAuts
